 Dungeon Crawl Stone Soup version 0.21.1-1-g345015f (webtiles) character file.

60 Kairos the Charmwright (level 4, 0/51 HPs)
             Began as a Merfolk Skald on Mar 25, 2018.
             Slain by an adder (2 damage)
             ... on level 2 of the Dungeon.
             The game lasted 00:03:06 (1665 turns).

Kairos the Charmwright (Merfolk Skald)              Turns: 1665, Time: 00:03:07

Health: 0/51       AC: 22    Str:  9 (12) XL:     4   Next: 6%
Magic:  16/16      EV:  2    Int: 10 (12) God:
Gold:   116        SH:  0    Dex: 16 (18) Spells: 2/7 levels left

rFire    + . .     SeeInvis .   q - +0 trident
rCold    x . .     Gourm    .   (no shield)
rNeg     + + +     Faith    .   (armour currently unavailable)
rPois    +         Spirit   .   (helmet currently unavailable)
rElec    .         Reflect  .   (cloak currently unavailable)
rCorr    .         Harm     .   (gloves currently unavailable)
MR       .....     NoTele   +   (boots currently unavailable)
Stlth    +++.......             (no amulet)
HPRegen  0.17/turn              f - ring of fire
MPRegen  0.15/turn              g - ring of magical power

@: agile, lethally poisoned (0 -> -2), tree-form
A: (change form in water), (swift swim), (stealthy swim)
a: no special abilities


You were on level 2 of the Dungeon.
You were hungry.
You were a tree.
You visited 1 branch of the dungeon, and saw 2 of its levels.

You collected 116 gold pieces.

Inventory:

Hand Weapons
 a - a +0 spear
 p - a +2 whip of freezing
 q - a +0 trident (weapon)
Armour
 b - a +0 leather armour (melded)
 e - a cursed +0 pair of boots (melded)
Jewellery
 f - a ring of fire (left branch)
 g - a ring of magical power (right branch)
Scrolls
 j - 2 scrolls of enchant armour {unknown}
 k - a scroll of remove curse {unknown}
 l - a scroll of identify {unknown}
 n - a scroll of fear {unknown}
Potions
 i - a potion of agility
 o - a potion of might {unknown}
Books
 c - a book of Battle

   Spells                             Type                      Level
   a - Infusion                       Charms                       1
   b - Shroud of Golubria             Charms/Translocation         2
   c - Song of Slaying                Charms                       2
   d - Spectral Weapon                Hexes/Charms                 3
   e - Regeneration                   Charms/Necromancy            3
Comestibles
 d - 4 rations
 r - a chunk of flesh


   Skills:
 + Level 2.9 Fighting
 + Level 3.8 Polearms
 + Level 1.2 Armour
 + Level 3.1 Dodging
 + Level 0.2 Stealth
 + Level 2.1 Spellcasting
 + Level 3.8 Charms


You had 2 spell levels left.
You knew the following spells:

 Your Spells              Type           Power        Failure   Level  Hunger
a - Infusion              Chrm           #...         6%          1    ##.....
b - Song of Slaying       Chrm           #.......     10%         2    ###....
c - Shroud of Golubria    Chrm/Tloc      #.........   22%         2    ###....


Dungeon Overview and Level Annotations

Branches:
Dungeon (2/15)

Altars:


Message History

* * * LOW HITPOINT WARNING * * *
It was a potion of agility.
You feel agile all of a sudden. The adder closely misses you. x2
It was a potion of degeneration.
There was something very wrong with that liquid.
You feel weakened.
You feel dopey.
You feel clumsy.
* * * LOW HITPOINT WARNING * * *
You feel sick. The adder closely misses you.
It was a potion of lignification.
You turn into a tree.
Your cursed +0 pair of boots melds into your body.
Your +0 leather armour melds into your body.
Your roots penetrate the ground.
The adder bites you.
* * * LOW HITPOINT WARNING * * *
You closely miss the adder.
The adder is moderately wounded.
You feel sick. The adder bites you.
* * * LOW HITPOINT WARNING * * *
The adder bites you.
You die...

... #.# #.# #.#
#.# #.# #. #.#
###.###.####
...........# .
.#.##.###..#.# .#
#.#.##.# ##.# # .#
#.#.... #♣#
.#####.#..# ##S#
..........# ....#
..........###.#..#
.....#.#......#..#
.................#
.#####.#.#.## #.##
.# #.....####.
.#######........


You could see an adder.

Vanquished Creatures
  An adder (D:2)
  An ooze (D:1)
  3 dart slugs
  A leopard gecko (D:1)
  10 bats
  2 giant cockroaches (D:1)
  2 goblins (D:1)
  3 hobgoblins (D:1)
  2 jackals (D:2)
  A ball python (D:1)
  5 frilled lizards (D:1)
  4 kobolds
  9 rats
44 creatures vanquished.

Notes
Turn   | Place    | Note
-------+----------+-------------------------------------------
     0 | D:1      | Kairos the Merfolk Skald began the quest for the Orb.
     0 | D:1      | Reached XP level 1. HP: 16/16 MP: 3/3
   462 | D:1      | Reached XP level 2. HP: 20/23 MP: 5/5
   467 | D:1      | Learned a level 2 spell: Song of Slaying
   470 | D:1      | Learned a level 2 spell: Shroud of Golubria
   873 | D:1      | Reached XP level 3. HP: 28/28 MP: 6/6
  1484 | D:2      | Reached skill level 1 in Armour
  1608 | D:2      | Reached XP level 4. HP: 34/34 MP: 7/7
  1665 | D:2      | HP: 2/51 [adder (2)]
  1665 | D:2      | Slain by an adder

Skill      XL: |  1  2  3 |
---------------+----------+-----
Dodging        | 3 |  3.1
Armour         | 1 |  1.2
Fighting       | |  2.9
Polearms       | |  3.8
Stealth        | |  0.2
Spellcasting   | |  2.1
Charms         | |  3.8

Action                   |  1- 3 |  4- 6 || total
-------------------------+-------+-------++-------
Melee: Spear             |   150 |       ||   150
       Trident           |     4 |    32 ||    36
 Cast: Infusion          |       |     1 ||     1
  Use: Potion            |       |     3 ||     3
 Stab: Sleeping          |     4 |       ||     4
  Eat: Chunk             |     1 |     1 ||     2
Armor: Leather armour    |    34 |     5 ||    39
Dodge: Dodged            |    63 |    31 ||    94
